 Dungeon Crawl Stone Soup version 0.29.0-4-gdea44cf6ec (webtiles) character file.

Game seed: 7952029181484008669

107 qw the Chopper (level 4, -11/28 HPs)
             Began as a Gargoyle Fighter on Sept 4, 2022.
             Mangled by an ogre
             ... wielding a +0 giant spiked club
              (23 damage)
             ... on level 3 of the Dungeon.
             The game lasted 00:01:08 (2184 turns).

qw the Chopper (Gargoyle Fighter)                   Turns: 2184, Time: 00:01:09

Health: -11/28     AC: 15    Str: 21    XL:     4   Next: 85%
Magic:  4/4        EV:  5    Int:  9    God:
Gold:   151        SH:  4    Dex:  9    Spells: 3/3 levels left

rFire   . . .      SeeInvis .   Y - +1 war axe
rCold   . . .      Faith    .   c - +0 buckler
rNeg    + . .      Spirit   .   m - +0 plate armour
rPois   inf        Reflect  .   (no helmet)
rElec   +          Harm     .   (no cloak)
rCorr   .          Rampage  .   (no gloves)
Will    .....                   (no boots)
Stlth   ..........              (no amulet)
HPRegen 0.09/turn               (no ring)
MPRegen 0.09/turn               (no ring)

@: no status effects
A: sickness immunity, AC +3, negative energy resistance 1, electricity
resistance, torment resistance 1, petrification resistance
a: no special abilities


You were on level 3 of the Dungeon.
You visited 1 branch of the dungeon, and saw 3 of its levels.

You collected 151 gold pieces.


Innate Abilities, Weirdness & Mutations

You are immune to sickness and miasma.
Your stone body is resilient. (AC +3)
You are immune to poison.
You resist negative energy. (rN+)
You are resistant to electric shocks. (rElec)
You are resistant to unholy torment.
You are immune to petrification.


   Skills:
 - Level 3.2 Fighting
 + Level 4.4 Axes
 - Level 3.2 Armour
 - Level 3.2 Shields


You had 3 spell levels left.
You didn't know any spells.
Your spell library was empty.

Inventory:

Hand Weapons
 e - a +0 flail
 Y - a +1 war axe (weapon)
Armour
 c - a +0 buckler (worn)
 m - a +0 plate armour (worn)
Scrolls
 f - a scroll of fear {unknown}
 g - a scroll of identify {unknown}
Potions
 a - a potion of heal wounds {unknown}
 b - a potion of curing {unknown}
 d - a potion of might
 h - a potion of flight {unknown}
 p - a potion of brilliance {unknown}

Dungeon Overview and Level Annotations

Branches:
Dungeon (3/15)

Altars:


Message History

Enter note:
g - a scroll labelled YDGHAESMEECVU
Found a stone staircase leading up.
You now have 151 gold pieces (gained 10).
Found a ring mail.
Enter note:
Found 6 stones.
You see here a +0 ring mail.
A goblin comes into view. It is wielding a +0 dagger.
The goblin shouts!
You closely miss the goblin.
The goblin hits you but does no damage. x2
You closely miss the goblin. You block the goblin's attack.
You hit the goblin.
You kill the goblin!
Things that are here:
a +0 dagger; a goblin corpse You see here 6 stones.
Found an escape hatch in the floor.
An ogre comes into view. It is wielding a +0 giant spiked club.
Found a potion of might.
The ogre shouts!
Enter note: You barely miss the ogre.
The ogre closely misses you.
You hit the ogre.
The ogre is lightly wounded.
The ogre hits you with a +0 giant spiked club!
You completely miss the ogre.
The ogre is lightly wounded.
The ogre hits you with a +0 giant spiked club.
You slash the ogre!
The ogre is heavily wounded.
You block the ogre's attack.
You slash the ogre!
The ogre is almost dead.
The ogre hits you with a +0 giant spiked club!!
Ouch! That really hurt!
You die...

.......# #.##..#.##### #.#
. ######.######.##.#......#
#.##. #
#......#.##..#.###.# #....
# ######.#.##.##.#
#.#####..## #
#.......##.##.###.##.....#
#
#.##.#####.##.##...#.##..##
#.##.# #.##..............
####.##.#
#.#####...#.#####.
#.[..##.# #@# ##.##.# .
#)#####.# #.O.!..#.##.# #.#
#.# ##.....#.##.# #.# #.#
>......##># ####.#####.#
.$...####.# ....(......#
.....# #.. ##.#########
...### #........ ...#
#########


You could see an ogre.

Vanquished Creatures
  An orc wizard (D:2)
  An adder (D:3)
  3 worms (D:2)
  2 dart slugs (D:1)
  4 orcs (D:2)
  3 endoplasms
  3 giant cockroaches (D:1)
  3 hobgoblins
  3 jackals (D:1)
  3 quokkas
  4 ball pythons
  8 bats
  A frilled lizard (D:1)
  7 goblins
  5 kobolds
  7 rats
58 creatures vanquished.

Notes
Turn   | Place    | Note
-------+----------+-------------------------------------------
     0 | D:1      | qw the Gargoyle Fighter began the quest for the Orb.
     0 | D:1      | Reached XP level 1. HP: 14/14 MP: 1/1
     0 | D:1      | 0 ||| qw: Version: 0.1-a-102-g441f92d
     0 | D:1      | 0 ||| qw: Game counter: 5365
     0 | D:1      | 0 ||| qw: Always use a shield: true
     0 | D:1      | 0 ||| qw: God list: Okawaru
     0 | D:1      | 0 ||| qw: Allow faded altars: false
     0 | D:1      | 0 ||| qw: Do Orc after D:15 true
     0 | D:1      | 0 ||| qw: Do second Lair branch before Depths: true
     0 | D:1      | 0 ||| qw: Lair rune preference: random
     0 | D:1      | 0 ||| qw: Plans: Normal
     0 | D:1      | 0 ||| PLANNING D:1-11
    81 | D:1      | Reached skill level 2 in Axes
   296 | D:1      | Reached XP level 2. HP: 17/19 MP: 2/2
   607 | D:1      | Reached skill level 3 in Axes
   695 | D:1      | Found a faded altar of an unknown god.
   729 | D:1      | Reached XP level 3. HP: 23/23 MP: 3/3
   751 | D:1      | 751 ||| Stepping ~*~*~tactically~*~*~ (stealth).
   779 | D:1      | 779 ||| DROPPING +0 club.
  1004 | D:1      | 1004 ||| DROPPING orb of guile.
  1005 | D:1      | 1005 ||| UPGRADING to +0 plate armour.
  1015 | D:1      | 1015 ||| DROPPING +0 scale mail.
  1016 | D:1      | 1016 ||| DROPPING amulet of faith.
  1017 | D:1      | 1017 ||| DROPPING +6 ring of intelligence.
  1018 | D:1      | 1018 ||| READING scroll labelled BAYPPA ETUPLOS RURR.
  1019 | D:1      | 1019 ||| READING scroll labelled KIJAUCKI UMUPA.
  1020 | D:1      | 1020 ||| READING scroll labelled FIUNWE YJOCOO.
  1021 | D:1      | 1021 ||| READING scroll labelled OQIPPI YSAMUCK.
  1022 | D:1      | 1022 ||| READING scroll labelled INESHUM YDENIR.
  1167 | D:2      | 1167 ||| Stepping ~*~*~tactically~*~*~ (stealth).
  1179 | D:2      | 1179 ||| Stepping ~*~*~tactically~*~*~ (stealth).
  1181 | D:2      | 1181 ||| Stepping ~*~*~tactically~*~*~ (hiding).
  1186 | D:2      | 1186 ||| Stepping ~*~*~tactically~*~*~ (stealth).
  1205 | D:2      | Reached skill level 4 in Axes
  1205 | D:2      | Reached XP level 4. HP: 16/28 MP: 4/4
  1726 | D:2      | 1726 ||| DROPPING +3 whip.
  1939 | D:2      | 1939 ||| READING scroll labelled ROKUARE ACUSH.
  2046 | D:3      | Identified the +1 leather armour of Salvation {rElec Str+3}
  2178 | D:3      | Noticed an ogre
  2184 | D:3      | Mangled by an ogre

Levels and vault maps discovered:
D:1:      ncdulo_smallfort, layout_basic, shapermc_ecumenical_altar_acropolis,
          st_stairs_13, minmay_tetromino_t4
D:2:      layout_basic
D:3:      layout_loops_ring

Skill      XL: |  1  2  3 |
---------------+----------+-----
Axes           | 2 3 4 |  4.4
Fighting       | |  3.2
Armour         | |  3.2
Shields        | |  3.2

Action                   |  1- 3 |  4- 6 || total
-------------------------+-------+-------++-------
Melee: War axe           |   103 |    67 ||   170
  Use: Scroll            |     5 |     1 ||     6
Armor: Scale mail        |    38 |       ||    38
       Plate armour      |    19 |    39 ||    58
Dodge: Dodged            |    48 |     8 ||    56
Block: Buckler           |    18 |    11 ||    29

Table legend:
 A = Non-vault XP
 B = Vault XP
 C = Vault XP percentage of total XP
 D = Non-vault monster count
 E = Vault monster count
 F = Vault count percentage of total count
                 A         B        C        D         E       F
            +---------+---------+-------+---------+---------+-------
      Total |     144 |       9 |   5.9 |      52 |       6 |  10.3
            +---------+---------+-------+---------+---------+-------
        D:1 |      44 |       9 |  17.0 |      27 |       6 |  18.2
        D:2 |      82 |       0 |   0.0 |      21 |       0 |   0.0
        D:3 |      18 |       0 |   0.0 |       4 |       0 |   0.0
            +---------+---------+-------+---------+---------+-------
